 Dungeon Crawl Stone Soup version 0.24-a0-309-g1095bca (webtiles) character file.

Game seed: 14609554281234426692

165 galech the Covered (level 5, -5/41 HPs)
             Began as a Demonspawn Fighter on May 14, 2019.
             Killed by nerve-wracking pain
             ... invoked by an orc priest
              (9 damage)
             ... on level 3 of the Dungeon.
             The game lasted 00:02:29 (2131 turns).

galech the Covered (Demonspawn Fighter)             Turns: 2131, Time: 00:02:30

Health: -5/41      AC:  8    Str: 17    XL:     5   Next: 22%
Magic:  5/5        EV:  7    Int:  9    God:
Gold:   142        SH:  9    Dex: 13    Spells: 4/4 levels left

rFire    . . .     SeeInvis .   a - +0 war axe
rCold    . . .     Gourm    .   c - +0 shield
rNeg     . . .     Faith    .   b - +0 scale mail
rPois    .         Spirit   .   p - +0 helmet
rElec    .         Reflect  .   (no cloak)
rCorr    .         Harm     .   (no gloves)
MR       .....                  (no boots)
Stlth    ..........             (no amulet)
HPRegen  0.13/turn              (no ring)
MPRegen  0.09/turn              (no ring)

@: no status effects
A: claws 1
a: no special abilities


You were on level 3 of the Dungeon.
You were hungry.

You visited 1 branch of the dungeon, and saw 3 of its levels.

You collected 142 gold pieces.

Inventory:

Hand Weapons
 a - a +0 war axe (weapon)
Armour
 b - a +0 scale mail (worn)
 c - a +0 shield (worn)
 p - a +0 helmet (worn)
Scrolls
 h - 3 scrolls of immolation {unknown}
 i - 2 scrolls of blinking {unknown}
 j - 2 scrolls of identify {unknown}
 k - 2 scrolls of teleportation {unknown}
 l - 2 scrolls of enchant weapon {unknown}
 q - 2 scrolls of fear {unknown}
 s - a scroll of enchant armour {unknown}
 t - 2 scrolls of remove curse {unknown}
Potions
 d - a potion of might
 e - a potion of heal wounds {unknown}
 m - a potion of resistance {unknown}
 n - 2 potions of cancellation {unknown}
 o - a potion of agility {unknown}
 r - a potion of mutation {unknown}
Comestibles
 f - 8 rations
 g - 8 chunks of flesh


   Skills:
 + Level 3.5 Fighting
 + Level 3.1 Axes
 + Level 3.7 Armour
 + Level 0.2 Dodging
 + Level 0.3 Stealth
 + Level 3.3 Shields


You had 4 spell levels left.
You didn't know any spells.
Your spell library was empty.

Dungeon Overview and Level Annotations

Branches:
Dungeon (3/15)

Altars:
Gozag
Hepliaklqana

Shops:
D:2 *


Innate Abilities, Weirdness & Mutations

You have sharp fingernails.


Message History

You are too injured to fight recklessly!
You are too injured to fight recklessly!
You are too injured to fight recklessly!
You are too injured to fight recklessly!
You are too injured to fight recklessly!
You are too injured to fight recklessly!
You are too injured to fight recklessly!
You are too injured to fight recklessly!
You are too injured to fight recklessly!
You are too injured to fight recklessly!
You hit the orc priest but do no damage.
The orc priest is moderately wounded.
The orc priest invokes the aid of Beogh against you.
Beogh smites you!
* * * LOW HITPOINT WARNING * * *
You closely miss the orc priest.
The orc priest is moderately wounded.
The orc priest calls down the wrath of Beogh upon you.
Pain shoots through your body!
You die...

.##......)###.########......#
......####....# #......#
#....#####.#### #......#
..............## #......#
#########..##..## ######## #
#.####.%## # #.# ##..### #.#
##...# #.# #@..# ### ##.#
#o)...... ..# ##..# #...###..
#.# ##..####. ....#
#.####.............#
#..................#
).........#...##...#
##...#####..####...#
......####.##


You could see an orc priest.

Vanquished Creatures
  An orc wizard (D:3)
  2 adders
  3 oozes
  3 worms
  5 dart slugs
  2 leopard geckos
  5 orcs (D:3)
  5 giant cockroaches
  10 goblins
  15 hobgoblins
  4 jackals (D:1)
  2 quokkas (D:2)
  A ball python (D:2)
  10 bats
  3 frilled lizards (D:1)
  7 kobolds
  2 rats
80 creatures vanquished.

Notes
Turn   | Place    | Note
-------+----------+-------------------------------------------
     0 | D:1      | galech the Demonspawn Fighter began the quest for the Orb.
     0 | D:1      | Reached XP level 1. HP: 18/18 MP: 1/1
   104 | D:1      | Gained mutation: You have sharp fingernails. [demonic
                  | ancestry]
   104 | D:1      | Reached XP level 2. HP: 14/24 MP: 2/2
   353 | D:1      | Reached XP level 3. HP: 26/29 MP: 3/3
   954 | D:2      | Reached XP level 4. HP: 29/35 MP: 4/4
  1274 | D:2      | Found an opulent altar of Gozag.
  1276 | D:2      | Found Gozag's Platinum Reserve.
  1402 | D:2      | Found a faded altar of an unknown god.
  1739 | D:2      | Found a hazy altar of Hepliaklqana.
  2115 | D:3      | Reached XP level 5. HP: 41/41 MP: 5/5
  2131 | D:3      | Killed from afar by an orc priest

Levels and vault maps discovered:
D:1:      nicolae_arrival_washed_ashore, layout_loops_ring, st_stairs_9,
          minmay_tiny_reverse_x
D:2:      layout_loops_corners, lemuel_coloured_pillars_altar,
          chequers_ecumenical_altar_simple_redux, first_ration,
          nicolae_gozag_zags_fifth_avenue
D:3:      layout_rooms

Skill      XL: |  1  2  3  4 |
---------------+-------------+-----
Shields        | 3 |  3.3
Armour         | 3 |  3.7
Axes           | 2 3 |  3.1
Fighting       | |  3.5
Dodging        | |  0.2
Stealth        | |  0.3

Action                   |  1- 3 |  4- 6 || total
-------------------------+-------+-------++-------
Melee: War axe           |   110 |   132 ||   242
  Eat: Chunk             |       |     4 ||     4
Armor: Scale mail        |    28 |    68 ||    96
Dodge: Dodged            |    30 |    40 ||    70
Block: Shield            |    62 |    90 ||   152

Table legend:
 A = Non-vault XP
 B = Vault XP
 C = Vault XP percentage of total XP
 D = Non-vault monster count
 E = Vault monster count
 F = Vault count percentage of total count
                 A         B        C        D         E       F
            +---------+---------+-------+---------+---------+-------
      Total |     229 |       8 |   3.4 |      76 |       4 |   5.0
            +---------+---------+-------+---------+---------+-------
        D:1 |      70 |       8 |  10.3 |      33 |       4 |  10.8
        D:2 |      67 |       0 |   0.0 |      25 |       0 |   0.0
        D:3 |      92 |       0 |   0.0 |      18 |       0 |   0.0
            +---------+---------+-------+---------+---------+-------
